Map: Eternal Empire LE

Players

Tyler

  • Race: Zerg Zerg
  • League: Master
  • Spawn Location: 1:00

Peekachi - Winner!

  • Race: Terran Terran
  • League: Master
  • Spawn Location: 7:00

VOD

Have the link to the VOD?

Description

Time

  • Played on: Aug. 14, 2020, 3:53 p.m.
  • Length: 5:26
Show
View Real Time Build Order
Export as new Build Order

Tyler Zerg 

Build Orders: Hatch First 

Get SALT Encoding   

  12  0:00  Drone  
  13  0:12  Overlord  
  13  0:17  Drone  
  14  0:31  Drone  
  14  0:32  Drone  
  16  0:48  Hatchery  
  15  0:54  Drone  
  15  0:56  Drone  
  17  0:59  Drone  
  18  1:10  Extractor  
  17  1:15  Spawning Pool  
  17  1:18  Drone  
  17  1:21  Drone  
  18  1:29  Drone  
  20  1:40  Drone  
  20  1:51  Overlord  
  20  2:02  Queen x2  
  20  2:03  Zergling x4  
  26  2:21  Hatchery  
  25  2:26  Metabolic Boost  
  25  2:30  Drone  
  25  2:32  Drone  
  27  2:41  Queen  
  29  2:46  Drone  
  29  2:47  Drone  
  31  2:51  Drone  
  31  2:54  Drone  
  31  2:57  Drone  
  34  3:01  Overlord  
  34  3:10  Pneumatized Carapace  
  34  3:16  Overlord  
  34  3:26  Drone x2  
  36  3:32  Overlord  
  36  3:34  Queen  
  36  3:36  Drone x4  
  36  3:39  Drone  
  43  3:50  Drone x2  
  43  3:51  Zergling x8  
  43  3:53  Zergling x2  
  50  4:05  Spore Crawler  
  50  4:08  Spore Crawler  
  48  4:15  Drone x9  
  57  4:20  Extractor  
  57  4:22  Extractor, Overlord  
  57  4:23  Overlord  
  55  4:41  Extractor  
  55  4:43  Spore Crawler  
  53  4:46  Evolution Chamber x2  
  49  4:55  Zergling x2  
  49  4:56  Zergling x22  
Show
View Real Time Build Order
Export as new Build Order

Peekachi Terran - Winner!

Build Orders: Liberator Opening 

Get SALT Encoding   

  12  0:00  SCV  
  13  0:12  SCV  
  14  0:17  Supply Depot  
  14  0:24  SCV  
  15  0:38  SCV  
  15  0:41  Barracks  
  16  0:45  Refinery  
  16  0:50  SCV  
  17  1:03  SCV  
  18  1:15  SCV  
  19  1:28  Orbital Command  
  19  1:31  Marine  
  20  1:42  Command Center  
  20  1:53  Factory  
  20  1:57  SCV  
  21  2:04  Barracks Reactor  
  21  2:07  Supply Depot  
  21  2:11  SCV  
  22  2:15  Refinery  
  22  2:23  SCV  
  23  2:35  SCV  
  24  2:44  Starport  
  24  2:47  Hellion x2  
  24  2:48  SCV  
  29  2:57  Orbital Command  
  29  3:03  SCV  
  30  3:13  Hellion x2  
  34  3:21  Liberator  
  34  3:23  SCV x2  
  39  3:30  Supply Depot  
  39  3:35  Hellion, SCV  
  39  3:39  Hellion  
  44  3:47  Armory, SCV  
  45  3:48  Barracks Tech Lab  
  45  3:53  SCV  
  46  3:58  Hellion  
  46  3:59  SCV  
  46  4:01  Hellion  
  51  4:05  SCV  
  52  4:11  Barracks  
  52  4:13  SCV  
  52  4:16  Marine  
  54  4:30  SCV x2  
  56  4:33  Factory Tech Lab  
  56  4:38  Command Center  
  56  4:42  SCV  
  56  4:45  Hellion x2  
  57  4:53  Marine, Siege Tank  
  57  4:54  SCV  
  55  5:24  Barracks x2  
Tags
 
Add a new tag
Caveats
  • Supply blocks, unpowered buildings, or Contaminate may cause inaccurate times.
  • Supply counts are checked every 10 seconds.